cohdb
Replays
Latest Replays
All Replays
Popular Replays
Top Player Replays
Match Explorer
How It Works
Community
CoH3 Stats
Reddit
Sign in to upload your games and track your stats! →
Sign in with Steam
Match 41617275
Unlisted
Match 41617275
Overview
Messages
Build Orders
End
Panzergrenadier Squad
Selects Panzerjäger Kommand Battlegroup
Panzergrenadier Squad
Construct Light Support Kompanie
MG34 Team
2.5-tonne Medical Truck
Selects Mine Fields
Panzerjäger Mechanized Group
Selects Tank Busters
Fire Support Elements
Panzerjäger Squad
Veteran Squad Leaders
Veteran Squad Leaders
Selects Crew Shock Tactics
Crew Shock Tactics
Construct Panzerarmee Kommand
pipiku
iceday
Bruistablet
CAPTAINSTRONG
0
0
Comments
sign in to comment!
No comments posted yet!